 Dungeon Crawl Stone Soup version 0.20.0-8-g6b59dc7 (webtiles) character file.

1653 ChaseSP the Cleaver (level 8, -17/72 HPs)
             Began as a Deep Dwarf Fighter on June 1, 2017.
             Demolished by an ogre
             ... wielding a +0 giant spiked club
              (18 damage)
             ... on level 7 of the Dungeon.
             The game lasted 00:08:15 (4315 turns).

ChaseSP the Cleaver (Deep Dwarf Fighter)            Turns: 4315, Time: 00:08:16

Health: -17/72     AC: 14    Str: 21      XL:     8   Next: 68%
Magic:  8/8        EV:  7    Int:  8      God:
Gold:   412        SH:  9    Dex: 13 (14) Spells: 7/7 levels left

rFire    . . .     SeeInvis .   a - +0 war axe
rCold    . . .     Gourm    .   c - +0 shield
rNeg     . . .     Faith    .   G - +0 chain mail
rPois    .         Spirit   .   u - +0 helmet
rElec    .         Reflect  .   (no cloak)
rCorr    .         Harm     +   t - +2 pair of gloves {archery}
MR       +....                  (no boots)
Stlth    ..........             x - amulet of harm
Regen    0.0/turn               I - ring of flight
MPRegen  0.2/turn               r - +2 ring of evasion

@: non-regenerating
A: damage resistance, heal wounds, molten scales 1, yellow scales 1, deformed
body, deterioration 1, sense surroundings 1, subdued magic 1, MP-powered wands,
no regeneration
a: Heal Wounds, Evoke Flight


You were on level 7 of the Dungeon.
You were near starving.

You visited 1 branch of the dungeon, and saw 7 of its levels.

You collected 412 gold pieces.

Inventory:

Hand Weapons
 a - a +0 war axe (weapon)
 p - a +0 flail
 y - a +0 flail
 z - a +0 morningstar
Missiles
 k - 59 bolts
Armour
 b - a +0 scale mail
 c - a +0 shield (worn)
 t - a +2 pair of gloves of archery (worn)
 u - a +0 helmet (worn)
 G - a +0 chain mail (worn)
Jewellery
 l - an uncursed ring of magical power
 r - a +2 ring of evasion (right hand)
 x - an amulet of harm (around neck)
 I - a ring of flight (left hand)
Wands
 h - a wand of digging (9/24)
 v - a wand of digging (14/24)
 D - a wand of polymorph (17/24)
Scrolls
 e - 3 scrolls of identify
 g - 5 scrolls of teleportation
 m - a scroll of remove curse {unknown}
 n - a scroll of blinking {unknown}
 o - a scroll of magic mapping {unknown}
 q - a scroll of fog {unknown}
 s - 2 scrolls of noise {unknown}
 w - 2 scrolls of immolation {unknown}
 C - a scroll of amnesia {unknown}
 H - a scroll of fear {unknown}
Potions
 d - 4 potions of might
 A - 3 potions of heal wounds {unknown}
 B - a potion of haste
 F - a potion of curing
Comestibles
 f - 5 bread rations
 i - 5 royal jellies
 j - 11 fruits


   Skills:
 - Level 4.1 Fighting
 * Level 10.5 Axes
 + Level 5.7 Armour
 + Level 0.7 Dodging
 - Level 3.2 Shields


You had 7 spell levels left.
You didn't know any spells.

Dungeon Overview and Level Annotations

Branches:
Dungeon (7/15)
 Temple: D:4-7

Altars:
Ashenzari
Cheibriados
Hepliaklqana
Okawaru
Zin

Annotations:
D:7 Joseph


Innate Abilities, Weirdness & Mutations

You are resistant to damage.
You can heal yourself by infusing magical energy.
You passively map a small area around you.
You do not regenerate.
You are partially covered in molten scales. (AC +2)
You are partially covered in yellow scales. (AC +2)
Armour fits poorly on your strangely shaped body.
Your body sometimes deteriorates upon taking damage.
Your spells are a little easier to cast, but a little less powerful.
You expend magic power (3 MP) to strengthen your wands.


Message History

You hit Joseph.
Joseph is lightly wounded.
You slash the quokka!
You kill the quokka!
You closely miss the orc priest.
The orc priest mumbles some strange prayers to Beogh against you.
Pain shoots through your body!
The ogre hits you with a giant spiked club!!
* * * LOW HITPOINT WARNING * * *
Your body deteriorates!
You feel clumsy. Joseph barely misses you.
Your chain mail prevents you from hitting Joseph.
Joseph is lightly wounded.
You slash the ogre! You hit the orc priest. You block the orc priest's attack.
You slash Joseph!
Joseph is moderately wounded.
You hit the ogre. You hit the orc priest. Joseph completely misses you.
You block the orc warrior's attack.
The ogre hits you with a giant spiked club!
You die...

#.# , #.# ####* * ##
, #.# #.. , .#, #.#
#.# * .# #.###.####
*.#, * ,, #....#...#
.# ,, , #.###.##.# .#
* #.#
#.##.#####O#####W*
#.#*#.##....(@@oo....
,
.............)oo.....
, *
#............(.......
,
#####.########.######
* #.#* * .# #, , ,.#
* ##


You could see Joseph, a phantom (wandering), an orc warrior, an ogre, an orc
priest and 2 orcs.

Vanquished Creatures
  A steam dragon (D:7)
  2 sky beasts
  An orc warrior (D:5)
  An ice beast (D:5)
  2 phantoms
  An ogre (D:4)
  2 scorpions
  A bullfrog zombie (D:5)
  A crimson imp (D:5)
  A centaur zombie (D:5)
  2 hounds
  An orc priest (D:7)
  A bullfrog skeleton (D:6)
  3 iguanas
  5 orc wizards
  2 worker ants (D:4)
  Robin (D:2)
  8 gnolls
  10 adders
  2 oozes
  An adder skeleton (D:4)
  2 worms
  3 dart slugs
  A leopard gecko (D:6)
  14 orcs
  A ball python (D:5)
  7 bats
  5 giant cockroaches
  13 hobgoblins
  17 jackals
  5 quokkas
  4 frilled lizards
  A giant cockroach zombie (D:5)
  15 goblins
  5 kobolds
  A quokka skeleton (D:6)
  4 rats
147 creatures vanquished.

Notes
Turn   | Place    | Note
-------+----------+-------------------------------------------
     0 | D:1      | ChaseSP the Deep Dwarf Fighter began the quest for the Orb.
     0 | D:1      | Reached XP level 1. HP: 20/20 MP: 1/1
   135 | D:1      | Reached skill level 3 in Axes
   135 | D:1      | Reached XP level 2. HP: 27/27 MP: 2/2
   540 | D:1      | Reached XP level 3. HP: 25/33 MP: 3/3
   716 | D:2      | Reached skill level 4 in Axes
   796 | D:2      | Reached XP level 4. HP: 25/40 MP: 4/4
   977 | D:2      | Reached skill level 5 in Axes
  1011 | D:2      | Noticed Robin
  1029 | D:2      | Killed Robin
  1255 | D:3      | Reached XP level 5. HP: 18/46 MP: 5/5
  1545 | D:3      | Found a glowing silver altar of Zin.
  1643 | D:3      | Found a faded altar of an unknown god.
  1717 | D:3      | Reached skill level 6 in Axes
  1920 | D:4      | Reached XP level 6. HP: 22/55 MP: 6/6
  1930 | D:4      | Found a snail-covered altar of Cheibriados.
  2008 | D:4      | Reached skill level 7 in Axes
  2083 | D:4      | Reached XP level 7. HP: 38/61 MP: 7/7
  2093 | D:4      | Reached skill level 5 in Armour
  2132 | D:4      | Reached skill level 8 in Axes
  2371 | D:4      | Found a shattered altar of Ashenzari.
  2621 | D:5      | Entered Level 5 of the Dungeon
  2875 | D:5      | Reached skill level 9 in Axes
  2967 | D:5      | Found an iron altar of Okawaru.
  2982 | D:5      | Reached XP level 8. HP: 57/69 MP: 8/8
  3483 | D:6      | Found a hazy altar of Hepliaklqana.
  3784 | D:6      | Gained mutation: You are weak. (Str -2) [mutagenic meat]
  3785 | D:6      | Gained mutation: You are frail. (-10% HP) [mutagenic meat]
  3787 | D:6      | Gained mutation: Armour fits poorly on your strangely shaped body. [mutagenic meat]
  3788 | D:6      | Lost mutation: You are frail. (-10% HP) [potion of mutation]
  3788 | D:6      | Lost mutation: You are weak. (Str -2) [potion of mutation]
  3788 | D:6      | Gained mutation: You are resistant to hostile enchantments. (MR+) [potion of mutation]
  3788 | D:6      | Gained mutation: You are partially covered in molten scales. (AC +2) [potion of mutation]
  3788 | D:6      | Gained mutation: Your mind is acute. (Int +2) [potion of mutation]
  3895 | D:6      | Reached skill level 10 in Axes
  4100 | D:6      | Lost mutation: Your mind is acute. (Int +2) [potion of mutation]
  4100 | D:6      | Lost mutation: You are resistant to hostile enchantments. (MR+) [potion of mutation]
  4100 | D:6      | Gained mutation: You expend magic power (3 MP) to strengthen your wands. [potion of mutation]
  4100 | D:6      | Gained mutation: Your spells are a little easier to cast, but a little less powerful. [potion of mutation]
  4100 | D:6      | Gained mutation: Your body sometimes deteriorates upon taking damage. [potion of mutation]
  4100 | D:6      | Gained mutation: You are partially covered in yellow scales. (AC +2) [potion of mutation]
  4302 | D:7      | Noticed Joseph
  4313 | D:7      | HP: 1/72 [ogre/giant spiked club (29)]
  4315 | D:7      | Demolished by an ogre

Skill      XL: |  1  2  3  4  5  6  7  8 |
---------------+-------------------------+-----
Axes           | 3 4 5 6 7 9 10 | 10.5
Armour         | 4 5 |  5.7
Fighting       | 3 4 |  4.1
Dodging        | |  0.7
Shields        | |  3.2

Action                   |  1- 3 |  4- 6 |  7- 9 || total
-------------------------+-------+-------+-------++-------
Melee: War axe           |    89 |   237 |   187 ||   513
 Abil: Heal Wounds       |       |     1 |     6 ||     7
  Use: Potion            |       |     4 |     2 ||     6
       Scroll            |       |       |     3 ||     3
  Eat: Chunk             |       |     4 |    10 ||    14
Armor: Scale mail        |    41 |    95 |    43 ||   179
       Chain mail        |       |       |    36 ||    36
Dodge: Dodged            |    40 |    86 |    55 ||   181
Block: Shield            |    41 |   142 |    87 ||   270
